 Dungeon Crawl Stone Soup version 0.27-a0-506-g2188dfaaa0 (webtiles) character file.

Game seed: 2801033792675113639

15987 Morbidden the Destroyer (level 11, -10/74 (89) HPs)
             Began as a Demigod Conjurer on Mar 3, 2021.
             Killed from afar by Nergalle (34 damage)
             ... with a bolt of negative energy
             ... on level 11 of the Dungeon.
             The game lasted 00:22:52 (13195 turns).

Morbidden the Destroyer (Demigod Conjurer)         Turns: 13195, Time: 00:22:53

HP:   -10/74 (89)   AC: 10    Str:  8    XL:     11   Next: 75%
MP:   25/25         EV: 12    Int: 32    God:
Gold: 483           SH:  7    Dex: 12    Spells: 17/24 levels left

rFire    . . .     SeeInvis +   a - +3 dagger (elec)
rCold    . . .     Faith    .   K - +0 kite shield
rNeg     . . .     Spirit   .   L - +0 troll leather armour
rPois    .         Reflect  .   f - +2 helmet
rElec    .         Harm     .   (no cloak)
rCorr    .         Rampage  .   r - +0 pair of gloves
Will     +....                  u - +0 pair of boots
Stlth    ++........             m - amulet of regeneration
HPRegen  2.22/turn              q - ring of see invisible
MPRegen  0.19/turn              (no ring)

@: heavily drained
A: high mp 1, forlorn
a: no special abilities


You were on level 11 of the Dungeon.
You visited 1 branch of the dungeon, and saw 11 of its levels.

You collected 735 gold pieces.
You spent 252 gold pieces at shops.

Inventory:

Hand Weapons
 a - a +3 dagger of electrocution (weapon)
 b - a +4 spectral long sword
Missiles
 l - 23 poisoned darts (quivered)
 G - 3 throwing nets
 J - 4 boomerangs
Armour
 f - a +2 helmet (worn)
 r - a +0 pair of gloves (worn)
 u - a +0 pair of boots (worn)
 K - a +0 kite shield (worn)
 L - a +0 troll leather armour (worn)
Jewellery
 m - an amulet of regeneration (around neck)
 q - a ring of see invisible (left hand)
Wands
 e - a wand of flame (28)
 n - a wand of random effects (23)
 v - a wand of acid (4)
 w - a wand of digging (3)
 z - a wand of paralysis (1)
 C - a wand of polymorph (5)
Scrolls
 i - 4 scrolls of teleportation
 j - a scroll of magic mapping
 p - 10 scrolls of identify
 s - 8 scrolls of fog
 x - a scroll of blinking
 y - a scroll of amnesia
 A - 2 scrolls of enchant weapon
 F - 3 scrolls of fear
Potions
 c - 4 potions of heal wounds
 d - 2 potions of brilliance {unknown}
 g - a potion of attraction {unknown}
 h - a potion of resistance {unknown}
 k - a potion of invisibility
 o - 3 potions of curing
 t - 2 potions of flight {unknown}
 D - 3 potions of berserk rage
 E - a potion of lignification
 H - a potion of haste


   Skills:
 * Level 6.0 Fighting
 * Level 5.3(5.9) Short Blades
 + Level 3.7(5.1) Long Blades
 + Level 1.6 Throwing
 + Level 4.9 Armour
 * Level 6.7 Dodging
 + Level 2.9 Stealth
 + Level 2.3 Shields
 * Level 7.1 Spellcasting
 * Level 9.2 Conjurations
 * Level 5.6 Translocations
 + Level 1.8 Evocations


You had 17 spell levels left.
You knew the following spells:

 Your Spells              Type           Power        Failure   Level
a - Magic Dart            Conj           100%         1%          1
b - Searing Ray           Conj           100%         1%          2
c - Iskenderun's Mystic   Conj/Tloc      56%          14%         4

Your spell library contained the following spells:

 Spells                   Type           Power        Failure   Level
 Dazzling Flash           Conj/Hex       80%          13%         3
 Fulminant Prism          Conj/Hex       20%          41%         4


Dungeon Overview and Level Annotations

Branches:
Dungeon (11/15)            Temple (0/1) D:6            Lair (0/6) D:8
    Orc (0/2) D:9

Shops:
D:5 =:(   D:6 !

Annotations:
D:11 Nergalle


Innate Abilities, Weirdness & Mutations

Your attributes grow dramatically as you level up.
You have an increased reservoir of magic. (+10% MP)
You are unable to connect with the divine beyond yourself.


Message History

You block the phantom's attack.
You hit the phantom.
The phantom is severely damaged.
The phantom hits you.
Unknown command.
You hit the phantom.
The phantom is almost destroyed.
The phantom hits you but does no damage.
You hit the phantom.
The phantom is almost destroyed.
The phantom closely misses you.
You hit the phantom.
You destroy the phantom!
No target in view!
No target in view!
No target in view!
p - 10 scrolls of identify (gained 1) Nergalle the Soulbinder comes into view.
She is wielding a +0 dagger.
Nergalle shouts!
Nergalle is nearby!
Nergalle gestures at you while chanting.
The bolt of negative energy hits you!!!
You feel drained.
Found 14 stones.
You hit Nergalle.
Nergalle is lightly wounded.
Nergalle mutters something.
Nergalle points at you and mumbles some strange words.
The bolt of negative energy hits you!!
You feel drained.
* * * LOW HITPOINT WARNING * * *
You are too injured to fight recklessly!
You are too injured to fight recklessly!
You are too injured to fight recklessly!
You are too injured to fight recklessly!
You are too injured to fight recklessly!
Unknown command.
You closely miss Nergalle.
Nergalle is lightly wounded.
Nergalle gestures at you while chanting.
The bolt of negative energy hits you!!
You feel drained.
You die...

#.................#
......
#....(............#
......
#...#####...####..#
...... #...# #.### #..#
..... #...# #.# #..#
#...# #.# #..# #...# #.#
#..# # #...#####.#
#..##.... #.........
#@.....#
#...............o.......
#....#####...........#.#
#..).# +..............
#....# #.#####..#.#.#.
#....# # #........
#....# #...#.#.# #....#
#.....( #....#


You could see Nergalle.

Vanquished Creatures
  Josephine (D:10)
  Harold (D:8)
  A hydra (D:8)
  4 two-headed ogres (D:9)
  Pikel (D:8)
  An ugly thing (D:11)
  A manticore (D:10)
  Maggie (D:8)
  3 trolls
  Grinder (D:3)
  Sigmund (D:2)
  10 yaks
  6 wraiths
  Grum (D:8)
  4 sky beasts
  A swamp drake (D:9)
  2 black bears
  An ice beast (D:10)
  7 orc warriors
  2 ogres
  4 wolves (D:8)
  5 centaurs
  3 phantoms
  A kobold brigand (D:8)
  2 lemures (D:8)
  9 bullfrogs
  4 gnoll sergeants
  A wyvern skeleton (D:10)
  2 water moccasin zombies
  6 scorpions
  20 wights
  5 howler monkeys
  3 lava snakes (D:9)
  A quasit (D:9)
  A bullfrog zombie (D:10)
  6 orc priests
  6 hounds
  3 jellies
  A centaur skeleton (D:10)
  5 iguanas
  11 orc wizards
  7 worker ants
  A howler monkey zombie (D:5)
  A worker ant zombie (D:10)
  24 gnolls
  15 adders
  A shadow imp (D:10)
  2 white imps
  An ufetubus (D:8)
  2 oozes
  An adder zombie (D:6)
  An adder skeleton (D:4)
  2 worms
  2 dart slugs
  2 leopard geckos (D:6)
  40 orcs
  7 giant cockroaches
  3 goblins
  11 hobgoblins
  10 jackals
  9 quokkas
  3 bats
  5 frilled lizards
  A jackal zombie (D:5)
  11 kobolds
  A leopard gecko skeleton (D:8)
  A leopard gecko zombie (D:5)
  A quokka zombie (D:7)
  3 rats
317 creatures vanquished.

Vanquished Creatures (others)
  2 orc wizards (D:9)
  A gnoll (D:9)
  An orc (D:9)
4 creatures vanquished.

Grand Total: 321 creatures vanquished

Notes
Turn   | Place    | Note
-------+----------+-------------------------------------------
     0 | D:1      | Morbidden the Demigod Conjurer began the quest for the Orb.
     0 | D:1      | Reached XP level 1. HP: 14/14 MP: 5/5
   166 | D:1      | Found a broken altar of Ashenzari.
   247 | D:1      | Reached skill level 4 in Conjurations
   247 | D:1      | Reached XP level 2. HP: 15/20 MP: 7/7
   569 | D:1      | Learned a level 2 spell: Searing Ray
  1064 | D:2      | Noticed Sigmund
  1186 | D:2      | Killed Sigmund
  1187 | D:2      | Reached skill level 1 in Fighting
  1187 | D:2      | Reached skill level 5 in Conjurations
  1187 | D:2      | Reached XP level 3. HP: 22/28 MP: 5/9
  1187 | D:2      | Reached XP level 4. HP: 27/35 MP: 5/10
  1187 | D:2      | Reached XP level 5. HP: 31/40 MP: 5/11
  1731 | D:3      | Found an opulent altar of Gozag.
  1938 | D:3      | Noticed Grinder
  1944 | D:3      | Killed Grinder
  1945 | D:3      | Reached skill level 1 in Short Blades
  1945 | D:3      | Reached XP level 6. HP: 41/48 MP: 5/13
  2097 | D:3      | Reached skill level 1 in Armour
  3491 | D:4      | Reached XP level 7. HP: 56/56 MP: 9/15
  3998 | D:5      | Entered Level 5 of the Dungeon
  4009 | D:5      | Learned a level 4 spell: Iskenderun's Mystic Blast
  4204 | D:5      | Reached skill level 6 in Conjurations
  4386 | D:5      | Found Boskoph's Jewellery Boutique.
  4460 | D:5      | Found Laxt's Book Emporium.
  4538 | D:5      | Reached skill level 1 in Translocations
  4820 | D:5      | Found Cameanwo's Weapon Emporium.
  4884 | D:5      | Bought a +2 dagger of electrocution for 187 gold pieces
  5005 | D:6      | Found a staircase to the Ecumenical Temple.
  5280 | D:6      | Reached XP level 8. HP: 61/62 MP: 18/18
  5486 | D:6      | Found Xucaobli's Distillery.
  5492 | D:6      | Bought a potion of heal wounds for 65 gold pieces
  5668 | D:6      | Reached skill level 5 in Spellcasting
  6869 | D:7      | Reached skill level 7 in Conjurations
  6870 | D:7      | Reached XP level 9. HP: 66/70 MP: 1/20
  7479 | D:7      | Found a shimmering altar of Xom.
  7796 | D:8      | Found a staircase to the Lair.
  7939 | D:8      | Noticed Harold
  7959 | D:8      | Reached skill level 1 in Long Blades
  7967 | D:8      | Killed Harold
  7978 | D:8      | Noticed a six-headed hydra
  8082 | D:8      | You fall into a shaft and drop 2 floors!
  8082 | D:10     | Entered Level 10 of the Dungeon
  8175 | D:10     | Reached skill level 1 in Evocations
  8423 | D:10     | Reached XP level 10. HP: 79/79 MP: 16/22
  8530 | D:10     | Reached skill level 8 in Conjurations
  8681 | D:10     | Noticed a manticore
  8695 | D:10     | Killed a manticore
  9135 | D:10     | Reached skill level 5 in Dodging
  9891 | D:10     | Noticed Josephine
  9931 | D:10     | Killed Josephine
  9959 | D:10     | Reached skill level 1 in Throwing
 10632 | D:9      | Reached skill level 1 in Shields
 10718 | D:9      | Noticed a two-headed ogre
 10745 | D:9      | Killed a two-headed ogre
 10746 | D:9      | Reached skill level 5 in Fighting
 10746 | D:9      | Reached skill level 5 in Translocations
 10746 | D:9      | Reached XP level 11. HP: 21/86 MP: 23/25
 10897 | D:9      | Noticed a two-headed ogre
 11000 | D:9      | Killed a two-headed ogre
 11315 | D:9      | Noticed a two-headed ogre
 11346 | D:9      | Killed a two-headed ogre
 11510 | D:9      | Found a staircase to the Orcish Mines.
 11722 | D:9      | Noticed a two-headed ogre
 11767 | D:9      | Reached skill level 9 in Conjurations
 11770 | D:9      | HP: 2/88 [yak (11)]
 11829 | D:9      | Killed a two-headed ogre
 12111 | D:8      | Noticed a +0 hand axe
 12112 | D:8      | Found a hide-covered altar of Uskayaw.
 12112 | D:8      | Noticed a +0 dagger
 12114 | D:8      | Noticed Pikel
 12116 | D:8      | Noticed Grum
 12166 | D:8      | Killed Grum
 12193 | D:8      | Killed Pikel
 12290 | D:8      | Noticed Maggie
 12298 | D:8      | Reached skill level 5 in Short Blades
 12309 | D:8      | Killed Maggie
 12743 | D:8      | Killed a seven-headed hydra
 13190 | D:11     | Noticed Nergalle
 13195 | D:11     | Killed from afar by Nergalle

Illustrated notes

Levels and vault maps discovered:
D:1:      dpeg_arrival_long_road, layout_rooms, ashenzari_altar_1
D:2:      layout_basic, nrook_mini_vaults, uniq_sigmund
D:3:      layout_basic, grunt_gozag_breadcrumbs, uniq_grinder
D:4:      layout_basic
D:5:      layout_basic, serial_shops,
          nicolae_shop_temple_entry_statues_fountains, shop_fountains, shop
D:6:      layout_basic, minmay_temple_entry_trees, serial_shops, shop,
          kennysheep_cluttered_room
D:7:      minmay_spotlight, layout_rooms, eino_curves_01, tgw_xom
D:8:      layout_loops_ring, dancing_weapons_uskayaw, lair_entry_dummy,
          st_stairs_11, uniq_maggie, uniq_pikel, uniq_harold, uniq_grum
D:9:      layout_loops_ring, erik_orc_1, kennysheep_dice
D:10:     layout_stronghold, mrwooster_statue_mirror, uniq_josephine
D:11:     layout_irregular_city, chequers_serial_rivers_micro_b, hex_large,
          uniq_snorg, uniq_nergalle, uniq_urug

Skill      XL: |  1  2  3  4  5  6  7  8  9 10 11 |
---------------+----------------------------------+-----
Conjurations   | 4 5 6 7 8 9 |  9.2
Fighting       | 1 2 3 4 5 6 |  6.0
Stealth        | 2 |  2.9
Spellcasting   | 2 3 4 5 6 7 |  7.1
Short Blades   | 1 2 3 4 5 |  5.3
Dodging        | 2 3 4 5 6 |  6.7
Armour         | 1 2 3 4 |  4.9
Translocations | 1 2 4 5 |  5.6
Long Blades    | 2 3 |  3.7
Evocations     | 1 |  1.8
Throwing       | 1 |  1.6
Shields        | 1 2 |  2.3

Action                   |  1- 3 |  4- 6 |  7- 9 | 10-12 || total
-------------------------+-------+-------+-------+-------++-------
Melee: Dagger            |    11 |    67 |   132 |   316 ||   526
       Long sword        |       |       |    70 |   258 ||   328
Throw: Dart              |       |       |       |    29 ||    29
       Throwing net      |       |       |       |     1 ||     1
 Cast: Magic Dart        |    26 |    36 |   124 |    80 ||   266
       Searing Ray       |     1 |    13 |    58 |    26 ||    98
       Iskenderun's Myst |       |       |       |     3 ||     3
Evoke: Wand              |     4 |       |     7 |     2 ||    13
  Use: Scroll            |       |       |     5 |    10 ||    15
       Potion            |       |       |     2 |     2 ||     4
 Stab: Sleeping          |       |       |       |     1 ||     1
       Distracted        |       |       |       |     1 ||     1
Armor: Robe              |     4 |       |       |       ||     4
       Ring mail         |     1 |    20 |   133 |    23 ||   177
       Troll leather arm |       |       |       |   231 ||   231
Dodge: Dodged            |     7 |    28 |   205 |   371 ||   611
Block: Kite shield       |       |       |       |   255 ||   255
       Rpst.: Long sword |       |       |    12 |    53 ||    65

Table legend: (Time is in decaauts)
 A = Elapsed time spent in this place.
 B = Non-inter-level travel time spent in this place.
 C = Inter-level travel time spent in this place.
 D = Time resting spent in this place.
 E = Time spent auto-exploring this place.
 F = Levels seen in this place.
 G = Mean time per level.
                   A        B        C        D        E       F      G
               +--------+--------+--------+--------+--------+-----+--------+
         Total |  13414 |  12854 |    560 |    265 |   9540 |  11 | 1219.5 |
       Dungeon |  13414 |  12854 |    560 |    265 |   9540 |  11 | 1219.5 |
               +--------+--------+--------+--------+--------+-----+--------+

Top non-repeatable levels by time:
    D:10: 2426 daAuts
     D:9: 1915 daAuts
     D:7: 1430 daAuts
     D:4: 1275 daAuts
     D:8: 1239 daAuts
     D:6: 1152 daAuts
     D:3: 1080 daAuts
     D:5: 1060 daAuts
     D:2: 931 daAuts
     D:1: 681 daAuts
    D:11: 220 daAuts
